 Dungeon Crawl Stone Soup version 0.29.1-2-gbd0b4ee654 (webtiles) character file.

Game seed: 182385734190062672

58 HolyTactitian the Ruffian (level 3, -2/28 HPs)
             Began as a Draconian Transmuter on Nov 6, 2022.
             Slain by a kobold
             ... wielding a +0 whip
              (5 damage)
             ... on level 3 of the Dungeon.
             The game lasted 00:21:14 (2584 turns).

HolyTactitian the Ruffian (Draconian Transmuter)    Turns: 2584, Time: 00:21:19

Health: -2/28      AC:  5    Str: 14    XL:     3   Next: 75%
Magic:  6/6        EV: 11    Int: 13    God:
Gold:   114        SH:  3    Dex: 11    Spells: 0/6 levels left

rFire   . . .      SeeInvis .   q - +1 long sword (drain)
rCold   . . .      Faith    .   l - +0 buckler
rNeg    . . .      Spirit   .   (body armour unavailable)
rPois   .          Reflect  .   (helmet currently unavailable)
rElec   .          Harm     .   (no cloak)
rCorr   .          Rampage  .   (no gloves)
Will    .....                   (boots currently unavailable)
Stlth   +.........              (no amulet)
HPRegen 0.09/turn               (no ring)
MPRegen 0.10/turn               (no ring)

@: appendages (expiring)
A: horns 2, talons 2, AC +5, unfitting armour, cold-blooded
a: End Transformation


You were on level 3 of the Dungeon.
You had temporarily grown beastly horns and talons.
You visited 1 branch of the dungeon, and saw 3 of its levels.

You collected 114 gold pieces.

Inventory:

Hand Weapons
 b - a +0 whip
 f - a +0 quarterstaff
 q - a +1 long sword of draining (weapon)
Missiles
 g - 3 poisoned darts
Armour
 e - a +0 pair of boots
 l - a +0 buckler (worn)
 r - a +0 plate armour
Scrolls
 d - a scroll of summoning {unknown}
 h - 2 scrolls of teleportation
 k - a scroll of magic mapping {unknown}
 m - a scroll of identify {unknown}
 n - a scroll of enchant weapon {unknown}
 o - 2 scrolls of immolation {unknown}
Potions
 a - a potion of lignification
 c - a potion of curing {unknown}
 i - a potion of attraction {unknown}
 j - a potion of might {unknown}
 p - a potion of heal wounds {unknown}
 s - a potion of haste {unknown}


   Skills:
 + Level 1.5 Fighting
 + Level 2.0 Dodging
 + Level 0.1 Stealth
 + Level 0.1 Shields
 + Level 3.8 Unarmed Combat
 + Level 2.3 Spellcasting
 + Level 2.4 Transmutations


You couldn't memorise any spells.
You knew the following spells:

 Your Spells              Type           Power      Damage    Failure   Level
a - Beastly Appendage     Tmut           14%        N/A       12%         1
b - Wereblood             Tmut           7%         N/A       19%         2
c - Spider Form           Tmut/Pois      4%         N/A       52%         3

Your spell library contained the following spells:

 Spells                   Type           Power      Damage    Failure   Level
 Gell's Gravitas          Tloc           1%         N/A       69%         3
 Lesser Beckoning         Tloc           1%         N/A       69%         3
 Teleport Other           Tloc           1%         N/A       69%         3
 Ice Form                 Ice/Tmut       4%         N/A       90%         4


Dungeon Overview and Level Annotations

Branches:
Dungeon (3/15)

Altars:
Cheibriados


Innate Abilities, Weirdness & Mutations

You have temporarily grown beastly horns and talons.
Your plain brown scales are hard. (AC +5)
You cannot fit into any form of body armour.
You are cold-blooded and may be slowed by cold attacks.


Message History

Unknown command.
You closely miss the rat. You tail-slap the rat.
You kill the rat!
Casting: Beastly Appendage (safe; 13% risk of failure)
Press: ? - help, Q - select action, (/) - cycle Dir - look around, f - activate You grow a pair of large bovine horns.
Your feet morph into talons.
Found a viscous coppery potion.
The endoplasm hits you.
An orc comes into view. It is wielding a +0 trident.
The orc shouts!
You slash the endoplasm!
You kill the endoplasm!
The bat barely misses you.
You barely miss the worm. You claw the worm. You tail-slap the worm.
The worm is moderately wounded.
Your transformation is almost over.
The bat closely misses you.
The orc hits you from afar with a +0 trident. x2
The kobold hits you with a +0 whip.
A rat comes into view.
The worm bites you!
You slash the worm!
The worm is almost dead.
The bat barely misses you. The bat hits you. The bat closely misses you.
The kobold hits you with a +0 whip.
* * * LOW HITPOINT WARNING * * *
The orc completely misses you.
You slash the worm!
You kill the worm!
The bat hits you but does no damage. The kobold hits you but does no damage.
The orc hits you from afar with a +0 trident.
* * * LOW HITPOINT WARNING * * *
The bat closely misses you.
A worm comes into view.
You hit the kobold. You drain the kobold. Your kick misses the kobold.
You headbutt the kobold, but do no damage.
The kobold is severely wounded.
The bat hits you but does no damage.
A quokka comes into view.
The kobold hits you with a +0 whip.
You die...

.. #......####..## ..#
#.........##..# .
#r###w##...........# !.
#...# #............#
#.##...##.##..........#
#...#r..# #...###.....
.##.....o†##.##.#
#..... #....b.K....#
#.# ......
#......@.#..###.#
.#####
.........##.....##.
.+..........#####
#........### #........#
#.........# #....####.#
#.... .#


You could see a worm, an orc, a quokka (wandering), a bat, a kobold (very
drained) and a rat.

Vanquished Creatures
  2 adders (D:2)
  2 worms
  3 bats
  4 endoplasms
  A giant cockroach (D:1)
  2 hobgoblins
  4 jackals (D:1)
  6 ball pythons
  2 frilled lizards (D:1)
  4 kobolds (D:1)
  2 rats
32 creatures vanquished.

Notes
Turn   | Place    | Note
-------+----------+-------------------------------------------
     0 | D:1      | HolyTactitian the Draconian Transmuter began the quest for
                  | the Orb.
     0 | D:1      | Reached XP level 1. HP: 16/16 MP: 3/3
   354 | D:1      | Reached XP level 2. HP: 23/23 MP: 3/5
  1096 | D:2      | Learned a level 2 spell: Wereblood
  1313 | D:2      | Reached XP level 3. HP: 28/28 MP: 6/6
  2028 | D:2      | Learned a level 3 spell: Spider Form
  2336 | D:3      | Found a snail-covered altar of Cheibriados.
  2584 | D:3      | Slain by a kobold

Illustrated notes

Levels and vault maps discovered:
D:1:      erik_arrival_cave_to_civilisation [erik_arrival_cave_to_hall],
          layout_basic, shapermc_ecumenical_altar_mp_ritualfount
D:2:      layout_basic, minivault_27, hangedman_abyss_or_decor_lesser_grid,
          minmay_misc_feat_x, grunt_decor_junction, minmay_tripent
D:3:      layout_basic, mainiacjoe_overflow_surrounded_room,
          ebering_ghost_sewer_f, cheibrodos_sewer_entry_sluice, minmay_vboxes,
          uniq_robin

Skill      XL: |  1  2  3 |
---------------+----------+-----
Dodging        | 2 |  2.0
Fighting       | |  1.5
Stealth        | |  0.1
Shields        | |  0.1
Unarmed Combat | |  3.8
Spellcasting   | |  2.3
Transmutations | |  2.4

Action                   || total
-------------------------++-------
Melee: Unarmed           ||   102
       Kick              ||    10
       Headbutt          ||     3
       Tailslap          ||    13
       Long sword        ||    11
 Cast: Beastly Appendage ||     8
       Wereblood         ||     4
  Use: Scroll            ||     1
Armor: Skin              ||    41
Dodge: Dodged            ||    89
Block: Buckler           ||     8
